3AA
OTTAWA NATIONALS @ BARTON SPRINGS BLUES
07/25/2041
 
TOP OF THE 1ST
Ottawa Nationals batting - Pitching for Barton Springs Blues : LHP Jaime Chávez
Pitching: LHP Jaime Chávez
Batting: SHB Aristotle Auer 0-0: Called Strike
0-1: Ball
1-1: SINGLE (Line Drive, 9S, EV 89.4 MPH)
Batting: RHB Manuel Barrera 0-0: Ball
1-0: Ball
2-0: Ball
3-0: Called Strike
3-1: Fly out, F9 (Flyball, 9LSF, EV 96.9 MPH)
Batting: RHB Hulama Yani 0-0: Ball
1-0: Ball
2-0: Fly out, F8 (Line Drive, 8RM, EV 83.1 MPH)
Batting: RHB Imbart Baars 0-0: Ground out 4-3 (Groundball, 4, EV 92.5 MPH)
Top of the 1st over - 0 runs, 1 hit, 0 errors, 1 left on base; Ottawa 0 - Barton Springs 0
BOTTOM OF THE 1ST
Barton Springs Blues batting - Pitching for Ottawa Nationals : RHP Luis Pantoja
Pitching: RHP Luis Pantoja
Batting: RHB Steffen Schulte 0-0: Ball
1-0: Swinging Strike
1-1: Swinging Strike
1-2: Ball
2-2: Ball
3-2: SOLO HOME RUN (Flyball, 7LD, EV 94.4 MPH), Distance : 373 ft
Batting: LHB Jon Kelly 0-0: Ground out 4-3 (Groundball, 4, EV 85.0 MPH)
Batting: RHB Maema Njongmeta 0-0: Called Strike
0-1: Called Strike
0-2: Strikes out swinging
Batting: LHB Jonathan Winston 0-0: Ball
1-0: Ball
2-0: Foul Ball, location: 2F
2-1: Foul Ball, location: 2F
2-2: Fly out, F9 (Flyball, 89D, EV 100.0 MPH)
Bottom of the 1st over - 1 run, 1 hit, 0 errors, 0 left on base; Ottawa 0 - Barton Springs 1
TOP OF THE 2ND
Ottawa Nationals batting - Pitching for Barton Springs Blues : LHP Jaime Chávez
Batting: LHB Ánibal Lima 0-0: Called Strike
0-1: Ball
1-1: Swinging Strike
1-2: Foul Ball, location: 2F
1-2: Foul Ball, location: 2F
1-2: Foul Ball, location: 2F
1-2: Foul Ball, location: 2F
1-2: Ball
2-2: Fly out, F8 (Flyball, 8RS, EV 92.5 MPH)
Batting: RHB Michael Collier 0-0: Ball
1-0: Foul Ball, location: 2F
1-1: Called Strike
1-2: Strikes out swinging
Batting: RHB Nobuhiko Ohayashi 0-0: Swinging Strike
0-1: Foul Ball, location: 2F
0-2: Foul Ball, location: 2F
0-2: Ball
1-2: Strikes out looking
Top of the 2nd over - 0 runs, 0 hits, 0 errors, 0 left on base; Ottawa 0 - Barton Springs 1
BOTTOM OF THE 2ND
Barton Springs Blues batting - Pitching for Ottawa Nationals : RHP Luis Pantoja
Batting: RHB Carlos Hernández 0-0: Ball
1-0: Ball
2-0: Fly out, F9 (Line Drive, 89S, EV 98.8 MPH)
Batting: LHB Man-su Sin 0-0: Ball
1-0: Ball
2-0: Ball
3-0: Called Strike
3-1: DOUBLE (Line Drive, 78D, EV 101.9 MPH)
Batting: RHB Aaron Tuttle 0-0: Called Strike
0-1: Ball
1-1: Ball
2-1: 2-RUN HOME RUN (Flyball, 78XD, EV 95.6 MPH), Distance : 416 ft
Batting: RHB Rick Pawlowicz 0-0: Called Strike
0-1: Ball
1-1: Called Strike
1-2: Fly out, F8 (Flyball, 8LD, EV 101.2 MPH)
Batting: RHB Shawn Mullins 0-0: Ball
1-0: Ball
2-0: Called Strike
2-1: Fly out, F2 (Popup, 15S, EV 92.5 MPH)
Bottom of the 2nd over - 2 runs, 2 hits, 0 errors, 0 left on base; Ottawa 0 - Barton Springs 3
TOP OF THE 3RD
Ottawa Nationals batting - Pitching for Barton Springs Blues : LHP Jaime Chávez
Batting: RHB Rob Shannon 0-0: Bunted foul
0-1: Ball
1-1: Ball
2-1: Swinging Strike
2-2: Ball
3-2: Base on Balls
Batting: RHB Barney Paul 0-0: Foul Ball, location: 2F
0-1: Called Strike
0-2: Ball
1-2: Ball
2-2: Ball
3-2: Base on Balls
Rob Shannon to second
Batting: SHB Aristotle Auer 0-0: Ball
1-0: Fly out, F7 (Flyball, 7S, EV 78.8 MPH)
Batting: RHB Manuel Barrera 0-0: SINGLE (Groundball, 6MD, EV 98.1 MPH)
Rob Shannon to third
Barney Paul to second
Batting: RHB Hulama Yani 0-0: Called Strike
0-1: Foul Ball, location: 2F
0-2: Ball
1-2: Ball
2-2: Ball
3-2: Strikes out swinging
Batting: RHB Imbart Baars 0-0: Called Strike
0-1: Ground out 5-3 (Groundball, 5S, EV 68.8 MPH)
Top of the 3rd over - 0 runs, 1 hit, 0 errors, 3 left on base; Ottawa 0 - Barton Springs 3
BOTTOM OF THE 3RD
Barton Springs Blues batting - Pitching for Ottawa Nationals : RHP Luis Pantoja
Batting: RHB Steffen Schulte 0-0: Ground out 1-3 (Groundball, P, EV 86.9 MPH)
Batting: LHB Jon Kelly 0-0: Ball
1-0: Swinging Strike
1-1: Fly out, F7 (Flyball, 7LS, EV 89.4 MPH)
Batting: RHB Maema Njongmeta 0-0: Called Strike
0-1: Swinging Strike
0-2: Foul Ball, location: 2F
0-2: Foul Ball, location: 2F
0-2: SINGLE (Line Drive, 8LS, EV 91.2 MPH)
Batting: LHB Jonathan Winston 0-0: Ball
1-0: Called Strike
1-1: Swinging Strike
1-2: Ball
2-2: Foul Ball, location: 2F
2-2: Ball
3-2: Fly out, F7 (Line Drive, 7, EV 100.0 MPH)
Bottom of the 3rd over - 0 runs, 1 hit, 0 errors, 1 left on base; Ottawa 0 - Barton Springs 3
TOP OF THE 4TH
Ottawa Nationals batting - Pitching for Barton Springs Blues : LHP Jaime Chávez
Batting: LHB Ánibal Lima 0-0: Called Strike
0-1: Foul Ball, location: 2F
0-2: Ball
1-2: Foul Ball, location: 2F
1-2: Strikes out swinging
Batting: RHB Michael Collier 0-0: Called Strike
0-1: Called Strike
0-2: Ball
1-2: Foul Ball, location: 2F
1-2: Ball
2-2: Ball
3-2: Fly out, F8 (Flyball, 8RD, EV 88.8 MPH)
Batting: RHB Nobuhiko Ohayashi 0-0: Foul Ball, location: 2F
0-1: Foul Ball, location: 2F
0-2: Ground out 6-3 (Groundball, 56, EV 86.9 MPH)
Top of the 4th over - 0 runs, 0 hits, 0 errors, 0 left on base; Ottawa 0 - Barton Springs 3
BOTTOM OF THE 4TH
Barton Springs Blues batting - Pitching for Ottawa Nationals : RHP Luis Pantoja
Batting: RHB Carlos Hernández 0-0: Called Strike
0-1: Called Strike
0-2: Strikes out swinging
Batting: LHB Man-su Sin 0-0: Called Strike
0-1: Ball
1-1: TRIPLE (Flyball, 9LD, EV 108.1 MPH)
Batting: RHB Aaron Tuttle 0-0: DOUBLE (Flyball, 89D, EV 87.5 MPH)
Man-su Sin scores
Batting: RHB Rick Pawlowicz 0-0: Fly out, F7 (Flyball, 7LD, EV 107.5 MPH)
Batting: RHB Shawn Mullins 0-0: Ball
1-0: Called Strike
1-1: Foul Ball, location: 2F
1-2: Ball
2-2: Strikes out swinging
Bottom of the 4th over - 1 run, 2 hits, 0 errors, 1 left on base; Ottawa 0 - Barton Springs 4
TOP OF THE 5TH
Ottawa Nationals batting - Pitching for Barton Springs Blues : LHP Jaime Chávez
Batting: RHB Rob Shannon 0-0: Foul Ball, location: 2F
0-1: Ground out 6-3 (Groundball, 6, EV 110.0 MPH)
Batting: RHB Barney Paul 0-0: Ball
1-0: Swinging Strike
1-1: Foul Ball, location: 2F
1-2: Strikes out looking
Batting: SHB Aristotle Auer 0-0: Ball
1-0: Called Strike
1-1: Foul Ball, location: 2F
1-2: Foul Ball, location: 2F
1-2: Ball
2-2: Strikes out swinging
Top of the 5th over - 0 runs, 0 hits, 0 errors, 0 left on base; Ottawa 0 - Barton Springs 4
BOTTOM OF THE 5TH
Barton Springs Blues batting - Pitching for Ottawa Nationals : RHP Luis Pantoja
Batting: RHB Steffen Schulte 0-0: Ball
1-0: Ball
2-0: Ball
3-0: Called Strike
3-1: Fly out, F6 (Popup, 6MD, EV 62.5 MPH)
Batting: LHB Jon Kelly 0-0: Ball
1-0: Ball
2-0: Swinging Strike
2-1: Ball
3-1: Foul Ball, location: 2F
3-2: Foul Ball, location: 2F
3-2: Foul Ball, location: 2F
3-2: Foul Ball, location: 2F
3-2: Base on Balls
Batting: RHB Maema Njongmeta 0-0: Called Strike
0-1: Ball
1-1: Ball
2-1: Ball
3-1: Base on Balls
Jon Kelly to second
Batting: LHB Jonathan Winston 0-0: Foul Ball, location: 2F
0-1: Ball
1-1: 3-RUN HOME RUN (Flyball, 7LD, EV 105.6 MPH), Distance : 368 ft
Pitching: RHP Jack Farrell
Batting: RHB Carlos Hernández 0-0: Ball
1-0: Fly out, F5 (Popup, 5SF, EV 75.0 MPH)
Batting: LHB Man-su Sin 0-0: Ball
1-0: Ball
2-0: Fly out, F5 (Flyball, 56D, EV 90.0 MPH)
Bottom of the 5th over - 3 runs, 1 hit, 0 errors, 0 left on base; Ottawa 0 - Barton Springs 7
TOP OF THE 6TH
Ottawa Nationals batting - Pitching for Barton Springs Blues : LHP Jaime Chávez
Batting: RHB Manuel Barrera 0-0: Ball
1-0: Ball
2-0: Ball
3-0: Called Strike
3-1: Foul Ball, location: 2F
3-2: Strikes out looking
Batting: RHB Hulama Yani 0-0: Ball
1-0: Swinging Strike
1-1: Foul Ball, location: 2F
1-2: Foul Ball, location: 2F
1-2: Ball
2-2: Ground out U3 (Groundball, 3L, EV 104.4 MPH)
Batting: RHB Imbart Baars 0-0: Foul Ball, location: 2F
0-1: Called Strike
0-2: Fly out, F4 (Popup, 4M, EV 58.1 MPH)
Top of the 6th over - 0 runs, 0 hits, 0 errors, 0 left on base; Ottawa 0 - Barton Springs 7
BOTTOM OF THE 6TH
Barton Springs Blues batting - Pitching for Ottawa Nationals : RHP Jack Farrell
Batting: RHB Aaron Tuttle 0-0: Ball
1-0: Ball
2-0: Called Strike
2-1: Foul Ball, location: 2F
2-2: Ball
3-2: Base on Balls
Batting: RHB Rick Pawlowicz 0-0: Called Strike
0-1: Fly out, F8 (Flyball, 8LS, EV 90.0 MPH)
Batting: RHB Shawn Mullins 0-0: SINGLE (Line Drive, 78S, EV 98.8 MPH)
Aaron Tuttle to second
Batting: RHB Steffen Schulte 0-0: SINGLE (Line Drive, 9S, EV 104.4 MPH)
Aaron Tuttle to third
Shawn Mullins to second
Runner from 3rd tries for Home, SAFE, no throw by RF
Batting: LHB Jon Kelly 0-0: Called Strike
0-1: Foul Ball, location: 2F
0-2: Ball
1-2: Foul Ball, location: 2F
1-2: Foul Ball, location: 2F
1-2: Fly out, F8 (Flyball, 8LM, EV 88.8 MPH)
Batting: RHB Maema Njongmeta 0-0: Swinging Strike
0-1: Ball
1-1: Foul Ball, location: 2F
1-2: Ball
2-2: Ball
3-2: Base on Balls
Shawn Mullins to third
Steffen Schulte to second
Batting: LHB Jonathan Winston 0-0: Called Strike
0-1: Ground out U3 (Groundball, 3, EV 104.4 MPH)
Bottom of the 6th over - 1 run, 2 hits, 0 errors, 3 left on base; Ottawa 0 - Barton Springs 8
TOP OF THE 7TH
Ottawa Nationals batting - Pitching for Barton Springs Blues : LHP Jaime Chávez
Batting: LHB Ánibal Lima 0-0: Ball
1-0: Ball
2-0: Called Strike
2-1: Ball
3-1: Fly out, F8 (Flyball, 89M, EV 95.0 MPH)
Pitching: RHP Bill Holbrook
Batting: RHB Michael Collier 0-0: Ball
1-0: Ball
2-0: Ground out 1-3 (Groundball, P, EV 86.9 MPH)
Batting: RHB Nobuhiko Ohayashi 0-0: Called Strike
0-1: Ball
1-1: Ground out 6-3 (Groundball, 6, EV 103.1 MPH)
Top of the 7th over - 0 runs, 0 hits, 0 errors, 0 left on base; Ottawa 0 - Barton Springs 8
BOTTOM OF THE 7TH
Barton Springs Blues batting - Pitching for Ottawa Nationals : RHP Jack Farrell
Pinch Hitting: RHB José González 0-0: Ball
1-0: Ball
2-0: Ball
3-0: Base on Balls
Pinch Hitting: SHB Roy Snider 0-0: Ball
1-0: Fly out, F9 (Flyball, 9LS, EV 83.1 MPH)
Pinch Hitting: RHB Joe Smith 0-0: Ball
1-0: Ground out 5-3 (Groundball, 56S, EV 65.6 MPH)
José González to second
Batting: RHB Rick Pawlowicz 0-0: Foul Ball, location: 2F
0-1: Foul Ball, location: 2F
0-2: Foul Ball, location: 2F
0-2: Ground out 5-3 (Groundball, 5, EV 88.1 MPH)
Bottom of the 7th over - 0 runs, 0 hits, 0 errors, 1 left on base; Ottawa 0 - Barton Springs 8
TOP OF THE 8TH
Ottawa Nationals batting - Pitching for Barton Springs Blues : RHP Bill Holbrook
Now at 1B: Roy Snider
Now at SS: José González
Now in LF: Joe Smith
Batting: RHB Rob Shannon 0-0: Ball
1-0: Foul Ball, location: 2F
1-1: Foul Ball, location: 2F
1-2: Foul Ball, location: 2F
1-2: Ball
2-2: SINGLE (Groundball, 6MD, EV 95.0 MPH)
Batting: RHB Barney Paul 0-0: Foul Ball, location: 2F
0-1: Ball
1-1: Called Strike
1-2: Strikes out swinging
Batting: SHB Aristotle Auer 0-0: Ball
1-0: Ball
2-0: SINGLE (Line Drive, 7S, EV 92.5 MPH)
Rob Shannon to second
Batting: RHB Manuel Barrera 0-0: Foul Ball, location: 2F
0-1: Foul Ball, location: 2F
0-2: Ball
1-2: Fly out, F8 (Line Drive, 8RD, EV 96.9 MPH)
Batting: RHB Hulama Yani 0-0: Ball
1-0: Ball
2-0: Ball
3-0: Called Strike
3-1: Base on Balls
Rob Shannon to third
Aristotle Auer to second
Batting: RHB Imbart Baars 0-0: Called Strike
0-1: Ball
1-1: Fly out, F9 (Flyball, 9LD, EV 111.9 MPH)
Top of the 8th over - 0 runs, 2 hits, 0 errors, 3 left on base; Ottawa 0 - Barton Springs 8
BOTTOM OF THE 8TH
Barton Springs Blues batting - Pitching for Ottawa Nationals : RHP Jack Farrell
Batting: RHB Shawn Mullins 0-0: Ball
1-0: Swinging Strike
1-1: SINGLE (Line Drive, 89S, EV 89.4 MPH)
Pinch Hitting: LHB Rafael Romero 0-0: Called Strike
0-1: Grounds into double play, 4-6-3 (Groundball, 4, EV 106.2 MPH)
Pinch Hitting: RHB Mike O'Neill 0-0: Fly out, F8 (Line Drive, 8LD, EV 99.4 MPH)
Bottom of the 8th over - 0 runs, 1 hit, 0 errors, 0 left on base; Ottawa 0 - Barton Springs 8
TOP OF THE 9TH
Ottawa Nationals batting - Pitching for Barton Springs Blues : RHP Bill Holbrook
Now at 2B: Mike O'Neill
Now in RF: Rafael Romero
Batting: LHB Ánibal Lima 0-0: Called Strike
0-1: Fly out, F8 (Flyball, 8LXD, EV 102.5 MPH)
Batting: RHB Michael Collier 0-0: Ball
1-0: Ball
2-0: SINGLE (Line Drive, 9LS, EV 101.9 MPH)
Batting: RHB Nobuhiko Ohayashi 0-0: Called Strike
0-1: Ball
1-1: SINGLE (Line Drive, 6D, EV 99.4 MPH)
Michael Collier to second
Pitching: RHP Bungay Osiman
Batting: RHB Rob Shannon 0-0: Ball
1-0: Ball
2-0: Swinging Strike
2-1: Fly out, F8 (Line Drive, 8LM, EV 91.9 MPH)
Batting: RHB Barney Paul 0-0: Called Strike
0-1: Ball
1-1: Foul Ball, location: 2F
1-2: Ball
2-2: Ball
3-2: Strikes out swinging
Top of the 9th over - 0 runs, 2 hits, 0 errors, 2 left on base; Ottawa 0 - Barton Springs 8
Tuesday, January 5th, 2021 - OOTP Baseball 20.8 Build 74